 Dungeon Crawl Stone Soup version 0.26.1-11-gd32895ea62 (webtiles) character file.

Game seed: 13567471550438590133

7 mancramps the Caller (level 1, -1/7 HPs)
             Began as a Felid Summoner on June 23, 2021.
             Slain by a hobgoblin (5 damage)
             ... on level 1 of the Dungeon.
             The game lasted 00:07:43 (2124 turns).

mancramps the Caller (Felid Summoner)               Turns: 2124, Time: 00:07:44

Health: -1/7       AC:  1    Str:  4    XL:     1   Next: 91%
Magic:  4/4        EV: 18    Int: 16    God:
Gold:   26         SH:  0    Dex: 16    Spells: 3/4 levels left
                                        Lives:  0   Deaths: 0

rFire    . . .     SeeInvis +   (weapon unavailable)
rCold    . . .     Faith    .   (shield unavailable)
rNeg     . . .     Spirit   .   (armour unavailable)
rPois    .         Reflect  .   (helmet unavailable)
rElec    .         Harm     .   (cloak unavailable)
rCorr    .         Rampage  .   (gloves unavailable)
Will     .....                  (boots unavailable)
Stlth    +++.......             (no amulet)
HPRegen  0.02/turn              (no ring)
MPRegen  0.09/turn              (no ring)

@: quick
A: very small, no armour, no weapons or thrown items, stealth, claws 1, fangs 3,
see invisible, speed 1, shaggy fur 1, sharp paws
a: no special abilities


You were on level 1 of the Dungeon.
You visited 1 branch of the dungeon, and saw 1 of its levels.

You collected 26 gold pieces.

Inventory:

Hand Weapons
 b - a +1 vorpal spear
 f - a +0 spear
Armour
 a - a scarf of harm
 g - a +0 robe
Scrolls
 c - a scroll of remove curse {unknown}
 d - a scroll of amnesia {unknown}
 e - 3 scrolls of identify {unknown}
Potions
 h - a potion of might {unknown}


   Skills:
 + Level 2.7 Dodging
 + Level 3.2 Stealth
 + Level 0.4 Unarmed Combat
 + Level 2.0 Spellcasting
 + Level 4.1 Summonings


You had 3 spell levels left.
You knew the following spells:

 Your Spells              Type           Power        Failure   Level
a - Summon Small Mammal   Summ           56%          3%          1

Your spell library contained the following spells:

 Spells                   Type           Power        Failure   Level
 Call Imp                 Summ           14%          5%          2
 Call Canine Familiar     Summ           14%          11%         3
 Summon Guardian Golem    Hex/Summ       8%           26%         3
 Summon Ice Beast         Ice/Summ       8%           65%         4
 Summon Lightning Spire   Summ/Air       8%           65%         4


Dungeon Overview and Level Annotations

Branches:
Dungeon (1/15)

Altars:


Innate Abilities, Weirdness & Mutations

You cannot wear armour.
You are incapable of wielding weapons or throwing items.
Your paws allow you to move quietly. (Stealth)
You have sharp claws.
You have razor-sharp teeth.
You have supernaturally acute eyesight. (SInv)
You cover ground quickly.
You are covered in fur. (AC +1)
Your sharp claws are effective at attacking unaware monsters.


Message History

You open the door.
There is an open door here.
There is an open door here.
Found a ring mail.
Found a leather armour.
You open the door.
There is an open door here.
h - a fuming silvery potion
There is an open door here.
You see here a leather armour.
A hobgoblin comes into view.
The hobgoblin shouts!
The hobgoblin hits you.
Ouch! That really hurt!
You are too injured to fight recklessly!
You are too injured to fight recklessly!
You are too injured to fight recklessly!
You closely miss the hobgoblin. The hobgoblin hits you.
Ouch! That really hurt!
You die...

#.......## #.
##.....## #. ###.###
## ####.# .....#
####.######
###.......#
.....####.# ###### .
##...####[#####.@g.#
##
.................#.#
####
##.....##.#####..# #
#..# ##...###.# #..#
#####.#. #..####.#
#.... #...#.#.
#.....[.# ##.###
#.###.#. ##.######
#.# #.# #.#. ##'##
#.# ##.###.8#
##...## #.#
#.#.##.##


You could see a hobgoblin.

Vanquished Creatures
  4 bats (D:1)
  2 hobgoblins (D:1)
  A kobold (D:1)
7 creatures vanquished.

Notes
Turn   | Place    | Note
-------+----------+-------------------------------------------
     0 | D:1      | mancramps the Felid Summoner began the quest for the Orb.
     0 | D:1      | Reached XP level 1. HP: 7/7 MP: 4/4
  2124 | D:1      | Slain by a hobgoblin

Illustrated notes

Levels and vault maps discovered:
D:1:      saegor_arrival_simple_e, layout_loops_corners

Skill      XL: |  1 |
---------------+----+-----
Stealth        | 3 |  3.2
Dodging        | |  2.7
Unarmed Combat | |  0.4
Spellcasting   | |  2.0
Summonings     | |  4.1

Action                   || total
-------------------------++-------
Melee: Unarmed           ||    19
       Bite              ||     1
 Cast: Summon Small Mamm ||     2
 Stab: Sleeping          ||     3
       Distracted        ||     1
Armor: Skin              ||     3
Dodge: Dodged            ||    14
